[Event "Turkey IS Bank Super League 2017"]
[Site "Darica-Kocaeli"]
[Date "2017.07.26"]
[Round "1.24"]
[White "Ayan, Bengu Sena"]
[Black "Ayazmali, Gizem"]
[Result "1-0"]
[ECO "E81"]
[WhiteElo "1862"]
[BlackElo "1849"]
[Annotator "NA"]
[PlyCount "69"]
[EventType "team-tourn"]
[EventCountry "TUR"]
[SourceTitle "playchess.com"]
[Source "ChessBase"]
[SourceQuality "1"]
[TimeControl "40/5400+30:1800+30"]

1. d4 Nf6 2. c4 g6 3. f3 Bg7 4. e4 d6 5. Nc3 O-O 6. Nge2 Nbd7 7. Ng3 c5 8. d5 a6 9. Rb1 Rb8 10. Be3 Ne8 11. Qd2 Ndf6 12. Be2 Bd7 13. a4 Nc7 14. b4 b6 15. O-O h5 16. Bg5 {[%emt 0:05:30] 3} cxb4 17. Rxb4 {[%emt 0:00:30] 2} a5 18. Rb2 {[%emt 0:07:30] 7} Na6 19. Bh6 {[%emt 0:02:30] 1} h4 20. Nh1 {[%emt 0:00:30] ]} Nc5 21. Bd1 {[%emt 0:04:30] 9} Kh7 22. Bxg7 Kxg7 23. Nf2 Rh8 24. f4 e6 25. e5 dxe5 26. fxe5 Nh5 27. Nfe4 Nxe4 28. Nxe4 exd5 29. cxd5 Qe7 30. Qd4 Bf5 31. Nd6 Qg5 32. e6+ f6 33. Nf7 Qc1 34. Nxh8 Rxh8 35. Bxh5 1-0

[Event "Turkey IS Bank Super League 2017"]
[Site "Darica-Kocaeli"]
[Date "2017.07.26"]
[Round "1.27"]
[White "Uzumcu, Ahmet Utku"]
[Black "Selbes, Tarik"]
[Result "1-0"]
[ECO "B08"]
[WhiteElo "2223"]
[BlackElo "2260"]
[Annotator "NA"]
[PlyCount "133"]
[EventType "team-tourn"]
[EventCountry "TUR"]
[SourceTitle "playchess.com"]
[Source "ChessBase"]
[SourceQuality "1"]
[TimeControl "40/5400+30:1800+30"]

1. e4 {[%emt 0:00:30] .9]} d6 {[%emt 0:01:00] .9]} 2. d4 {[%emt 0:00:30] .9]} Nf6 {[%emt 0:00:30] .9} 3. Nc3 {[%emt 0:00:30] .99} g6 {[%emt 0:00:30] .99} 4. Nf3 {[%emt 0:01:30] .99} Bg7 {[%emt 0:00:00] .99} 5. Be2 {[%emt 0:00:30] ..9} Nc6 {[%emt 0:00:00] ..9} 6. h3 {[%emt 0:01:30] ..} O-O {[%emt 0:00:30] ...} 7. O-O {[%emt 0:00:30] ...} a6 {[%emt 0:01:30] ...} 8. d5 {[%emt 0:03:30] ...} Nb8 {[%emt 0:01:30] ...} 9. a4 {[%emt 0:03:30] ...} a5 {[%emt 0:00:30] ...} 10. Be3 {[%emt 0:00:30] ....} c6 {[%emt 0:00:30] ....} 11. dxc6 {[%emt 0:04:30] ...} Nxc6 {[%emt 0:01:30] ....} 12. Nd4 {[%emt 0:03:30] ...} Bd7 {[%emt 0:00:30] ...} 13. Ndb5 {[%emt 0:05:30] ...} Nb4 {[%emt 0:04:30] ...} 14. f4 {[%emt 0:05:30] ...} Bc6 {[%emt 0:01:30] ...} 15. Bf3 {[%emt 0:01:30] ....} d5 {[%emt 0:01:30] ....} 16. e5 {[%emt 0:01:30] ....} Ne4 {[%emt 0:00:30] ....} 17. Ne2 {[%emt 0:01:30] ....} f6 {[%emt 0:18:30] ....} 18. c3 {[%emt 0:03:30] ....} Na6 {[%emt 0:00:30] ...} 19. Ned4 {[%emt 0:01:30] ...} Qc8 {[%emt 0:22:30] ..} 20. Na7 {[%emt 0:04:30] ...} Rxa7 {[%emt 0:09:30] ...} 21. Nxc6 {[%emt 0:00:30] ...} bxc6 {[%emt 0:02:30] ...} 22. Bxa7 {[%emt 0:01:30] ...} Ng3 {[%emt 0:01:30] ...} 23. Re1 {[%emt 0:01:30] ]..} fxe5 {[%emt 0:00:30] ]].} 24. fxe5 {[%emt 0:00:30] ]].} Qc7 {[%emt 0:01:30] ]]} 25. Bf2 {[%emt 0:02:30] ]]]} Nf5 {[%emt 0:01:30] ]]]} 26. Qe2 {[%emt 0:03:30] ]]]} Nb8 {[%emt 0:01:30] ]]]} 27. g4 {[%emt 0:04:30] ]]]} Nh6 {[%emt 0:00:30] ]]]} 28. Bg2 {[%emt 0:00:00] ]]]} e6 {[%emt 0:02:30] ]]]]} 29. Bc5 {[%emt 0:02:00] ]]]]} Rd8 {[%emt 0:00:30] ]]]]} 30. Qf2 {[%emt 0:04:30] ]]]]} Nd7 {[%emt 0:00:30] ]]]} 31. Bd6 {[%emt 0:01:30] ]]]} Qb7 {[%emt 0:00:30] ]]} 32. Rf1 {[%emt 0:04:30] ]]]} Nb6 {[%emt 0:00:30] ]]]} 33. b3 {[%emt 0:03:30] [%clk 0:27]001} Nc8 {[%emt 0:05:34] kk} 34. Bc5 {[%emt 0:03:30] 6]} Nf7 {[%emt 0:00:30] kk} 35. Rae1 {[%emt 0:00:30] 6]} Nxe5 {[%emt 0:00:30] kkk} 36. Qe3 {[%emt 0:03:30] 56]k} Nd6 {[%emt 0:01:00] ]]} 37. Bd4 {[%emt 0:01:30] ]]]} Ndf7 {[%emt 0:00:44] ]} 38. Qg3 {[%emt 0:00:30] 2]]} Qb8 {[%emt 0:01:15] ]} 39. Re3 {[%emt 0:01:30] 7 [%clk 0:49:0] 11} g5 {[%emt 0:16:31] ccl} 40. h4 {[%emt 0:00:00] 6] [%clk 0:48:0] 1} gxh4 41. Qxh4 Ng6 42. Qf2 Nfe5 43. Qg3 c5 44. Bxc5 Qxb3 45. Bd4 Qb8 46. Rfe1 Nc4 47. Qxb8 Rxb8 48. Rxe6 Nf4 49. Re8+ Rxe8 50. Rxe8+ Kf7 51. Rd8 Ne2+ 52. Kf2 Nxd4 53. Bxd5+ Ke7 54. Rg8 Bf6 55. Bxc4 Nc6 56. Bb5 Ne5 57. Kg3 Ng6 58. Rc8 Kd6 59. Rc6+ Ke7 60. c4 h6 61. Ra6 Ne5 62. Rxa5 Nd3 63. Ra7+ Kf8 64. a5 Nc5 65. a6 Bd4 66. Ra8+ Ke7 67. a7 1-0

[Event "Turkey IS Bank Super League 2017"]
[Site "Darica-Kocaeli"]
[Date "2017.07.26"]
[Round "1.30"]
[White "Samani, Yamac"]
[Black "Yazici, Ugur Doga"]
[Result "1/2-1/2"]
[ECO "C55"]
[WhiteElo "2263"]
[BlackElo "2144"]
[Annotator "NA"]
[PlyCount "114"]
[EventType "team-tourn"]
[EventCountry "TUR"]
[SourceTitle "playchess.com"]
[Source "ChessBase"]
[SourceQuality "1"]
[TimeControl "40/5400+30:1800+30"]

1. e4 {[%emt 0:00:30] 831]} e5 {[%emt 0:01:00] 831]} 2. Nf3 {[%emt 0:00:30] 831]} Nc6 {[%emt 0:00:30] 8331} 3. Bc4 {[%emt 0:00:30] ]831} Nf6 {[%emt 0:00:30] ]831} 4. d3 {[%emt 0:00:30] ]81} Be7 {[%emt 0:00:30] ]]8} 5. O-O {[%emt 0:00:30] ]]8} O-O {[%emt 0:00:30] ]]8} 6. Re1 {[%emt 0:00:00] ]]8} d6 {[%emt 0:00:00] ]]8} 7. a4 {[%emt 0:01:00] ]]8} Be6 {[%emt 0:00:00] ]]8} 8. Nc3 {[%emt 0:01:30] ]]8} Qd7 {[%emt 0:06:30] ]]8} 9. a5 {[%emt 0:00:30] ]]8} Bg4 {[%emt 0:02:30] ]]} 10. a6 {[%emt 0:20:30] ]]]} bxa6 {[%emt 0:04:30] ]]]} 11. h3 {[%emt 0:04:30] ]]]} Bh5 {[%emt 0:07:30] ]]]} 12. Nb1 {[%emt 0:03:30] ]]]} Rfe8 {[%emt 0:17:30] ]]]} 13. Nbd2 {[%emt 0:02:30] ]]} Nd8 {[%emt 0:10:30] ]]]} 14. Nf1 {[%emt 0:11:30] ]]]} c6 {[%emt 0:04:30] ]]]} 15. Ng3 {[%emt 0:05:30] ]]]} Bg6 {[%emt 0:00:30] ]]]} 16. Rxa6 {[%emt 0:02:30] ]]]} Rb8 {[%emt 0:02:30] ]]]} 17. Be3 {[%emt 0:08:30] ]]]]} c5 {[%emt 0:07:30] ]]]} 18. Qa1 {[%emt 0:04:30] ]]]} Qb7 {[%emt 0:02:30] ]]]} 19. b3 {[%emt 0:08:30] ]]]} Nc6 {[%emt 0:01:30] ]]]} 20. Bg5 {[%emt 0:02:30] [%clk 0:17.00] ]]]} Bd8 {[%emt 0:11:28] lk} 21. Bxf6 {[%emt 0:03:30] lk} gxf6 {[%emt 0:00:30] l} 22. Bd5 {[%emt 0:00:30] ]} Bb6 {[%emt 0:00:30] ]} 23. Nh4 {[%emt 0:02:44] ]} Qc7 {[%emt 0:02:06] ]} 24. Bxc6 {[%emt 0:02:30] ]} Qxc6 {[%emt 0:00:01] ]]} 25. Ngf5 {[%emt 0:04:16] ]]} Re6 {[%emt 0:01:31] ]]} 26. Qc1 {[%emt 0:02:19] ]]} Kh8 {[%emt 0:01:15] ]]} 27. Qh6 {[%emt 0:02:43] ]]} Rg8 {[%emt 0:00:06] ]]} 28. c4 {[%emt 0:01:13] ]]} Qc8 {[%emt 0:01:18] ]]} 29. Rea1 {[%emt 0:01:11] [%clk 0:03.14]]} Qd8 {[%emt 0:04:27] [[c} 30. Qd2 {[%emt 0:00:50] [[c} Qf8 {[%emt 0:00:30] [[c} 31. Kh2 {[%emt 0:00:30] [[} Re8 {[%emt 0:00:30] [[[} 32. Rf1 Re6 {[%emt 0:04:19] c} 33. Kh1 Qc8 34. Ra2 Qf8 35. Qe3 Qb8 36. Rfa1 Ree8 37. Qf3 Re6 38. Ne3 Qf8 39. Nhf5 a5 40. Rb1 Bc7 41. h4 Bd8 42. Kg1 Bxf5 43. Nxf5 Rg6 44. Re1 Re8 45. Re3 Re6 46. Qh3 Bc7 47. Rf3 Qb8 48. h5 Rg5 49. h6 Qxb3 50. Ng7 Qxa2 51. Nxe6 fxe6 52. Qxe6 Qb1+ 53. Kh2 Bd8 54. Rxf6 Rh5+ 55. Kg3 Rg5+ 56. Kh2 Rh5+ 57. Kg3 Rg5+ 1/2-1/2

[Event "Turkey IS Bank Super League 2017"]
[Site "Darica-Kocaeli"]
[Date "2017.07.26"]
[Round "1.31"]
[White "Yilmaz, Goktan"]
[Black "Bozbey, Ali"]
[Result "1/2-1/2"]
[ECO "B09"]
[WhiteElo "2202"]
[BlackElo "2139"]
[Annotator "NA"]
[PlyCount "80"]
[EventType "team-tourn"]
[EventCountry "TUR"]
[SourceTitle "playchess.com"]
[Source "ChessBase"]
[SourceQuality "1"]
[TimeControl "40/5400+30:1800+30"]

1. e4 {[%emt 0:00:30] 3.]9} d6 {[%emt 0:01:00] 3.]9} 2. d4 {[%emt 0:00:30] 3.]9} Nf6 {[%emt 0:00:30] 3.9} 3. Nc3 {[%emt 0:00:30] 3..9} g6 {[%emt 0:00:30] 3..9} 4. f4 {[%emt 0:00:30] 3..9} Bg7 {[%emt 0:00:30] 3..} 5. Nf3 {[%emt 0:00:30] 33.} O-O {[%emt 0:00:30] 33.} 6. Be3 {[%emt 0:00:00] 33} c5 {[%emt 0:06:30] 333} 7. dxc5 {[%emt 0:06:00] 333} Qa5 {[%emt 0:00:30] 333} 8. Qd2 {[%emt 0:16:30] 333} dxc5 {[%emt 0:04:30] 333} 9. e5 {[%emt 0:04:30] 333} Rd8 {[%emt 0:05:30] 333} 10. Bd3 {[%emt 0:07:30] 333} c4 {[%emt 0:10:30] 333} 11. exf6 {[%emt 0:02:30] 333} Bxf6 {[%emt 0:00:30] 333} 12. Ne4 {[%emt 0:22:30] 333} Qxd2+ {[%emt 0:00:30] 333} 13. Bxd2 {[%emt 0:00:30] 333} cxd3 {[%emt 0:01:30] 333} 14. Nxf6+ {[%emt 0:00:30] 333} exf6 {[%emt 0:00:00] 33} 15. c4 {[%emt 0:07:30] ]33} Be6 {[%emt 0:03:00] ]33} 16. b3 {[%emt 0:00:30] ]33} Na6 {[%emt 0:05:30] ]33} 17. Bc3 {[%emt 0:01:30] ]33} Kg7 {[%emt 0:00:30] ]33} 18. O-O-O {[%emt 0:05:30] ]3} Nc5 {[%emt 0:08:30] ]]} 19. Bd4 {[%emt 0:01:30] ]]} Rac8 {[%emt 0:01:30] ]]} 20. Kb2 {[%emt 0:05:01] ]][} Bg4 {[%emt 0:02:30] 29]][} 21. Bxc5 {[%emt 0:06:29] ]][} Rxc5 {[%emt 0:00:00] ]]]][} 22. Kc3 {[%emt 0:00:41] ]][} Bxf3 {[%emt 0:01:00] 9]]][} 23. gxf3 {[%emt 0:00:02] ]][} Rf5 {[%emt 0:00:30] 4]]]} 24. Rxd3 {[%emt 0:00:30] ]]} Rxd3+ {[%emt 0:00:00] ]]]]} 25. Kxd3 {[%emt 0:00:53] ]]} Rxf4 {[%emt 0:00:00] 4]]]} 26. Ke3 {[%emt 0:02:27] ]]} Rh4 {[%emt 0:00:30] 7]]} 27. c5 {[%emt 0:02:42] ]} Kf8 {[%emt 0:03:30] 5 [%clk 0:37:0] ]14} 28. Rd1 {[%emt 0:01:05] lckl} Ke7 {[%emt 0:07:30] 40} 29. Rd2 h6 {[%emt 0:00:30] ]]} 30. a3 a5 {[%emt 0:00:30] 0]} 31. Rd6 {[%emt 0:00:49] ]} Rxh2 {[%emt 0:16:30] 1]]} 32. Rb6 Kd7 {[%emt 0:00:00] 11]} 33. b4 {[%emt 0:00:49] ]} Ra2 {[%emt 0:01:00] 0]]} 34. Rxb7+ {[%emt 0:02:34] ]} Kc8 {[%emt 0:01:30] ] [%clk 0:17:21] ]} 35. c6 {[%emt 0:01:14] l%k} Rxa3+ {[%emt 0:03:09] ]} 36. Kd4 {[%emt 0:00:30] ]} Ra4 37. Kc5 {[%emt 0:00:00] 1} Rxb4 {[%emt 0:00:00] 1} 38. Rxf7 Rf4 39. Kb6 Rb4+ 40. Kc5 Rf4 1/2-1/2

[Event "Turkey IS Bank Super League 2017"]
[Site "Darica-Kocaeli"]
[Date "2017.07.26"]
[Round "1.32"]
[White "Yassibag, Ipek Asli"]
[Black "Avramidou, Anastasia"]
[Result "0-1"]
[ECO "A16"]
[WhiteElo "1880"]
[BlackElo "2247"]
[Annotator "NA"]
[PlyCount "56"]
[EventType "team-tourn"]
[EventCountry "TUR"]
[SourceTitle "playchess.com"]
[Source "ChessBase"]
[SourceQuality "1"]
[TimeControl "40/5400+30:1800+30"]

1. c4 {[%emt 0:00:30] 5} Nf6 {[%emt 0:01:00] 5} 2. Nc3 {[%emt 0:00:30] 5} d5 3. cxd5 Nxd5 4. Nxd5 Qxd5 5. d4 Nc6 6. e3 e5 7. dxe5 Qxd1+ 8. Kxd1 Nxe5 9. Bd2 Bg4+ 10. f3 O-O-O 11. Ke1 Be6 12. Bc3 f6 13. Kf2 Bc5 14. a4 Nd3+ {[%emt 0:06:30] 8} 15. Bxd3 Rxd3 {[%emt 0:00:30] 3} 16. Re1 Re8 {[%emt 0:06:30] ]} 17. Bd4 Bxd4 {[%emt 0:03:30] 4} 18. exd4 Rxd4 {[%emt 0:00:00] 2} 19. a5 Rd2+ {[%emt 0:04:00] 9} 20. Re2 Red8 {[%emt 0:00:30] 7 [%clk 0:40:0]} 21. b4 Bc4 22. Rxd2 Rxd2+ 23. Ke3 Rd1 24. Kf2 b6 25. g4 c5 26. axb6 cxb4 27. bxa7 Kb7 28. Kg2 b3 0-1

[Event "Turkey IS Bank Super League 2017"]
[Site "Darica-Kocaeli"]
[Date "2017.07.26"]
[Round "1.36"]
[White "Citak, Selim"]
[Black "Soylu, Suat"]
[Result "1-0"]
[ECO "A39"]
[WhiteElo "2306"]
[BlackElo "2348"]
[Annotator "NA"]
[PlyCount "103"]
[EventType "team-tourn"]
[EventCountry "TUR"]
[SourceTitle "playchess.com"]
[Source "ChessBase"]
[SourceQuality "1"]
[TimeControl "40/5400+30:1800+30"]

1. d4 {[%emt 0:00:30] 34]%[} Nf6 {[%emt 0:01:00] 34]%[} 2. c4 {[%emt 0:00:30] 34]%[} g6 {[%emt 0:00:30] 344]} 3. Nc3 {[%emt 0:00:30] ]34]} Bg7 {[%emt 0:00:00] ]34]} 4. Nf3 {[%emt 0:01:30] ]3]} O-O {[%emt 0:00:00] ]]3} 5. g3 {[%emt 0:00:30] ]]3} c5 {[%emt 0:03:30] ]]3} 6. Bg2 {[%emt 0:00:30] ]]3} cxd4 {[%emt 0:02:30] ]]3} 7. Nxd4 {[%emt 0:00:30] ]]3} Nc6 {[%emt 0:00:30] ]]} 8. O-O {[%emt 0:00:30] ]]]} Qa5 {[%emt 0:00:00] ]]]} 9. e3 {[%emt 0:05:30] ]]]} Ne5 {[%emt 0:21:00] ]]]} 10. Nb3 {[%emt 0:08:30] ]]]} Qb4 {[%emt 0:09:30] ]]]} 11. c5 {[%emt 0:02:30] ]]} d6 {[%emt 0:07:30] ]]} 12. Qd4 {[%emt 0:12:30] ]]} a5 {[%emt 0:08:30] ]]} 13. cxd6 {[%emt 0:02:30] ]]} exd6 {[%emt 0:00:30] ]]} 14. Qxb4 {[%emt 0:07:30] ]]} axb4 {[%emt 0:00:30] ]]} 15. Nb5 {[%emt 0:00:30] ]]} Ra6 {[%emt 0:13:30] ]]} 16. Bd2 {[%emt 0:09:30] ]]} Nd3 {[%emt 0:04:30] ]]} 17. N5d4 {[%emt 0:02:30] ]]} d5 {[%emt 0:01:30] ]]} 18. Nc1 {[%emt 0:05:30] ]]} Nxb2 {[%emt 0:02:30] ]]]} 19. Bxb4 {[%emt 0:02:30] ]]]} Re8 {[%emt 0:01:30] ]]]} 20. Ncb3 {[%emt 0:08:30] ]]]} Nd3 21. a3 {[%emt 0:00:30] 7]} Ne4 {[%emt 0:04:40] [%clk 0:12.44]]]} 22. Rad1 {[%emt 0:05:30] ]]]} Nxb4 {[%emt 0:02:53] %%cc} 23. axb4 {[%emt 0:00:30] ]]%%} Rb6 {[%emt 0:01:30] %%cc} 24. Nc2 {[%emt 0:05:59] %%c} Nc3 {[%emt 0:01:17] %} 25. Rd2 {[%emt 0:00:59] ]} Be6 {[%emt 0:01:35] ]} 26. Nbd4 {[%emt 0:03:55] ]} Bxd4 {[%emt 0:00:47] ]]} 27. Nxd4 {[%emt 0:01:31] ]]} Rxb4 {[%emt 0:00:13] ]]} 28. Rc1 {[%emt 0:00:49] ]]} Rc8 {[%emt 0:00:59] ]]} 29. Kf1 {[%emt 0:02:16] ]]} b5 {[%emt 0:01:32] [%clk 0:06.22]]]} 30. Nxe6 {[%emt 0:02:57] c%l} fxe6 31. Bh3 Rc6 32. Bxe6+ {[%emt 0:04:04] %} Rxe6 {[%emt 0:04:34] %} 33. Rxc3 Rb1+ 34. Ke2 b4 35. Rcd3 Re5 36. Rxd5 Rxd5 37. Rxd5 b3 38. Rb5 h5 39. Rb7 Kf8 40. h4 Ke8 41. Kf3 Kd8 42. Kf4 Kc8 43. Rb4 Kc7 44. Kg5 Kc6 45. Kxg6 Kc5 46. Rb8 Kc4 47. e4 Rf1 48. f4 Rf3 49. f5 Kd4 50. f6 Rxg3+ 51. Kf5 Rf3+ 52. Ke6 1-0

[Event "Turkey IS Bank Super League 2017"]
[Site "Darica-Kocaeli"]
[Date "2017.07.26"]
[Round "1.38"]
[White "Yurtseven, Melih"]
[Black "Agdelen, Huseyin Can"]
[Result "0-1"]
[ECO "A38"]
[WhiteElo "2353"]
[BlackElo "2309"]
[Annotator "NA"]
[PlyCount "122"]
[EventType "team-tourn"]
[EventCountry "TUR"]
[SourceTitle "playchess.com"]
[Source "ChessBase"]
[SourceQuality "1"]
[TimeControl "40/5400+30:1800+30"]

1. Nf3 {[%emt 0:00:30] ]2} Nf6 {[%emt 0:01:00] ]2} 2. g3 {[%emt 0:00:30] ]2} g6 {[%emt 0:00:30] ]} 3. b3 {[%emt 0:00:30] ]]} Bg7 {[%emt 0:00:30] ]]} 4. Bb2 {[%emt 0:00:30] ]]} c5 {[%emt 0:00:30] ]]} 5. c4 {[%emt 0:00:30] ]]} d6 {[%emt 0:00:30] ]]} 6. Bg2 {[%emt 0:00:00] ]]} e5 {[%emt 0:00:00] ]]]} 7. O-O {[%emt 0:00:00] ]]]} O-O {[%emt 0:00:00] ]]]} 8. Nc3 {[%emt 0:00:00] ]]]} Nc6 {[%emt 0:02:30] ]]]} 9. Ne1 {[%emt 0:06:00] ]]]} Ng4 {[%emt 0:11:30] ]]]} 10. Nd5 {[%emt 0:02:30] ]]]} Rb8 {[%emt 0:02:30] ]]]} 11. Nc2 {[%emt 0:01:30] ]]]} Bd7 {[%emt 0:13:30] ]]]} 12. e3 {[%emt 0:03:30] ]]]} Nh6 {[%emt 0:02:30] ]]]} 13. Bc3 {[%emt 0:03:30] ]]]} b5 {[%emt 0:14:30] ]]]} 14. cxb5 {[%emt 0:05:30] ]]]} Rxb5 {[%emt 0:00:30] ]]]} 15. b4 {[%emt 0:01:30] ]]]} Kh8 {[%emt 0:37:01] %} 16. Qe2 {[%emt 0:05:30] 9]]} Rb8 {[%emt 0:01:39] ]]} 17. Rfc1 {[%emt 0:03:30] 00]]} Be6 {[%emt 0:05:48] 0]} 18. Qa6 {[%emt 0:05:30] 2]0]} Bxd5 {[%emt 0:01:50] 0]} 19. Bxd5 {[%emt 0:00:30] 4]0]} Nxb4 {[%emt 0:00:34] 0]} 20. Bxb4 {[%emt 0:02:30] ]]0]} cxb4 {[%emt 0:00:02] 0]} 21. Rab1 {[%emt 0:00:30] 6]]]} Qd7 {[%emt 0:01:59] ]]} 22. Rxb4 {[%emt 0:02:30] 37]]} Rbc8 {[%emt 0:00:07] 7} 23. Rbb1 {[%emt 0:11:30] ] [%clk 0:35:0] 4][} Rc5 {[%emt 0:00:45] %lck} 24. Nb4 {[%emt 0:08:30] 55} Rb8 25. a3 {[%emt 0:12:30] 4]} Rxb4 26. axb4 {[%emt 0:00:30] ]]]} Rxd5 {[%emt 0:00:00] ]} 27. Qc8+ {[%emt 0:00:30] 8]]} Qxc8 {[%emt 0:00:06] ]} 28. Rxc8+ {[%emt 0:00:30] 8]]} Ng8 {[%emt 0:00:30] ]} 29. Ra1 {[%emt 0:00:00] 8]]} Bf6 30. Rxa7 {[%emt 0:09:15] %%c} Kg7 {[%emt 0:00:28] %%} 31. Rc2 {[%emt 0:00:30] %%} Rb5 {[%emt 0:00:30] %%} 32. Rb2 {[%emt 0:00:30] %%} e4 {[%emt 0:00:30] %%} 33. Rb3 {[%emt 0:00:30] %%} Ne7 {[%emt 0:00:30] % [%clk 0:00:34] k} 34. Ra5 {[%emt 0:09:27] [} Rb8 35. Ra6 Nd5 36. Rxd6 Rxb4 37. Rxb4 Nxb4 38. g4 Be7 39. Rd7 Kf6 40. f3 exf3 41. Kf2 Ke6 42. Rd4 Nc6 43. Ra4 Ne5 44. Kg3 Bd6 45. d4 f2 46. d5+ Kxd5 47. Kxf2 Nc4 48. e4+ Kd4 49. h3 Kd3 50. Kg2 h6 51. Kf2 Nd2 52. Ra6 Nxe4+ 53. Kf3 Nd2+ 54. Kg2 Be5 55. Ra7 f5 56. Ra6 f4 57. Ra3+ Ke4 58. Ra4+ Bd4 59. Ra8 f3+ 60. Kg3 f2 61. Re8+ Kd5 0-1

[Event "Turkey IS Bank Super League 2017"]
[Site "Darica-Kocaeli"]
[Date "2017.07.26"]
[Round "1.39"]
[White "Tasdogen, Dincer"]
[Black "Unat, Can Haktan"]
[Result "1/2-1/2"]
[ECO "B48"]
[WhiteElo "2215"]
[BlackElo "2006"]
[Annotator "NA"]
[PlyCount "119"]
[EventType "team-tourn"]
[EventCountry "TUR"]
[SourceTitle "playchess.com"]
[Source "ChessBase"]
[SourceQuality "1"]
[TimeControl "40/5400+30:1800+30"]

1. e4 {[%emt 0:00:30] .464} c5 {[%emt 0:01:00] .464} 2. Nf3 {[%emt 0:00:30] .464} e6 {[%emt 0:00:30] .44} 3. d4 {[%emt 0:00:30] .444} cxd4 {[%emt 0:00:30] .444} 4. Nxd4 {[%emt 0:00:30] .444} Nc6 {[%emt 0:00:30] .44} 5. Nc3 {[%emt 0:00:30] ..4} Qc7 {[%emt 0:00:30] ..4} 6. Be3 {[%emt 0:00:30] ..} a6 {[%emt 0:00:30] ...} 7. a3 {[%emt 0:00:00] ...} Nf6 {[%emt 0:02:30] ...} 8. f4 {[%emt 0:00:00] ...} d5 {[%emt 0:09:30] ...} 9. exd5 {[%emt 0:15:30] ...} exd5 {[%emt 0:02:30] ..} 10. Qd2 {[%emt 0:01:30] ...} Bd6 {[%emt 0:04:30] ...} 11. Be2 {[%emt 0:47:30] ...} O-O {[%emt 0:01:30] ...} 12. O-O {[%emt 0:04:30] ...} Re8 {[%emt 0:00:30] ...} 13. Rad1 {[%emt 0:08:26] ]%} Nxd4 {[%emt 0:07:30] 0]]%} 14. Bxd4 {[%emt 0:03:51] ]%} Ne4 {[%emt 0:32:30] ] [%clk 0:24:0].6.} 15. Nxd5 {[%emt 0:10:31] clck} Qc6 {[%emt 0:09:30] 22c} 16. Qa5 {[%emt 0:00:19] ccc} b5 {[%emt 0:04:30] 3]]c} 17. Ne3 {[%emt 0:02:17] ccc} Bb7 {[%emt 0:04:40] c} 18. Bf3 {[%emt 0:00:57] ]} Qc8 {[%emt 0:06:24] ]} 19. Qe1 {[%emt 0:00:45] ]} Bxf4 {[%emt 0:00:23] ]} 20. Qh4 {[%emt 0:00:19] ]} Bg5 {[%emt 0:01:19] ]} 21. Qh5 {[%emt 0:00:31] ]} g6 {[%emt 0:00:29] ]} 22. Qg4 {[%emt 0:00:30] ]} Qxg4 {[%emt 0:00:00] [%clk 0:07.32] [%clk 0:02:19] 1} 23. Nxg4 {[%emt 0:00:26] %} f5 {[%emt 0:07:56] %} 24. Nf2 {[%emt 0:00:30] %} Rac8 25. c3 Bd5 26. Bxe4 fxe4 27. Ng4 Be6 28. Nf6+ Bxf6 29. Rxf6 a5 30. Re1 Bd5 31. h4 Rf8 32. Rd6 Rcd8 33. Rxd8 Rxd8 34. Bb6 Ra8 35. Rd1 Be6 36. Rd4 Ra6 37. Bd8 Bf5 38. Kf2 Kf7 39. Ke3 h5 40. Rd5 Ra8 41. Bb6 Ra6 42. Bd4 a4 43. Rxb5 Bd7 44. Rb7 Ke6 45. Rb8 Kd5 46. Rd8 Ke6 47. Rf8 Kd5 48. Rd8 Ke6 49. g3 Rd6 50. Rf8 Kd5 51. Rd8 Ke6 52. Rb8 Kd5 53. Rb4 Rc6 54. Rb5+ Kc4 55. Rb4+ Kd5 56. Rb7 Rd6 57. Ra7 Bb5 58. Ra5 Kc4 59. b3+ axb3 60. a4 1/2-1/2

[Event "Turkey IS Bank Super League 2017"]
[Site "Darica-Kocaeli"]
[Date "2017.07.26"]
[Round "1.40"]
[White "Sade, Defne"]
[Black "Celik, Eda"]
[Result "0-1"]
[ECO "B41"]
[WhiteElo "1654"]
[BlackElo "1939"]
[Annotator "NA"]
[PlyCount "82"]
[EventType "team-tourn"]
[EventCountry "TUR"]
[SourceTitle "playchess.com"]
[Source "ChessBase"]
[SourceQuality "1"]
[TimeControl "40/5400+30:1800+30"]

1. e4 {[%emt 0:00:30] .6]8} c5 {[%emt 0:01:00] .6]8} 2. Nf3 {[%emt 0:00:30] .6]8} e6 {[%emt 0:00:30] .68} 3. d4 {[%emt 0:00:30] .668} cxd4 {[%emt 0:00:30] .668} 4. Nxd4 {[%emt 0:00:30] .668} a6 {[%emt 0:00:30] .66} 5. c4 {[%emt 0:00:30] ..6} Nf6 {[%emt 0:00:30] ..6} 6. Nc3 {[%emt 0:00:30] ..} Qc7 {[%emt 0:00:30] ...} 7. Be2 {[%emt 0:00:00] ...} b6 {[%emt 0:00:30] ...} 8. O-O {[%emt 0:03:00] ...} Bb7 {[%emt 0:02:30] ...} 9. f3 {[%emt 0:02:30] ...} d6 {[%emt 0:00:30] ...} 10. Be3 {[%emt 0:00:30] ...} Nbd7 {[%emt 0:01:30] ...} 11. Rc1 {[%emt 0:03:30] ...} Be7 {[%emt 0:00:30] ...} 12. Nb3 {[%emt 0:05:30] ...} Rc8 {[%emt 0:03:30] ...} 13. Qd2 {[%emt 0:02:30] ...} O-O {[%emt 0:02:30] ...} 14. Rfd1 {[%emt 0:00:30] ...} Qb8 {[%emt 0:16:30] ...} 15. Bf4 {[%emt 0:09:30] ....} Ne5 {[%emt 0:00:30] ...} 16. Qd4 {[%emt 0:05:30] ...} Bd8 {[%emt 0:08:30] ...} 17. Bg3 {[%emt 0:11:30] ...} Bc7 {[%emt 0:01:30] ...} 18. Bh4 {[%emt 0:08:30] ..} Ned7 {[%emt 0:17:30] ...} 19. Kh1 {[%emt 0:08:30] ...} Rfe8 {[%emt 0:02:30] ...} 20. Bg3 {[%emt 0:07:30] ...} Ne5 {[%emt 0:00:30] ...} 21. f4 {[%emt 0:01:30] ]..} Ng6 {[%emt 0:06:30] ].} 22. Qe3 {[%emt 0:02:30] [%clk 0:24]07.} d5 {[%emt 0:21:11] kk} 23. e5 {[%emt 0:01:30] 99} dxc4 {[%emt 0:00:30] kk} 24. Bxc4 {[%emt 0:00:30] 9]} Nh5 {[%emt 0:00:59] kk} 25. Be2 {[%emt 0:04:30] 0]]} Nxg3+ {[%emt 0:00:35] ]} 26. hxg3 f6 {[%emt 0:05:49] ]} 27. exf6 {[%emt 0:01:38] ]} gxf6 {[%emt 0:00:05] ]} 28. Bc4 {[%emt 0:00:56] ]} Nf8 29. Qe2 {[%emt 0:14:55] %} Re7 {[%emt 0:04:27] %} 30. Bxa6 Bxa6 31. Qxa6 Rg7 32. Ne4 Rg6 33. Qc4 b5 34. Qc6 Rh6+ 35. Kg1 Bb6+ 36. Kf1 Rxc6 37. Rxc6 Rh1+ 38. Ke2 Rxd1 39. Kxd1 Qb7 40. Nxf6+ Kf7 41. Rd6 Kxf6 0-1